[Event "Titled Tuesday Blitz November 14 Late 2023"]
[White "Solon, Nathan"]
[Black "Bettalli, Francesco"]
[WhiteFideId "2017229"]
[BlackFideId "2816453"]
[WhiteElo "2690"]
[BlackElo "2588"]
[Result "1-0"]
[Round "9"]
[TimeControl "180+1"]
[Date "2023.11.14"]
[WhiteClock "0:00:07"]
[BlackClock "0:00:00"]
[Board "22"]

1. d4 Nf6 2. Bf4 d5 3. e3 c5 4. Nf3 Nc6 5. Nbd2 e6 6. c3 Bd6 7. Bg3 Qe7 8. Ne5 Nd7 9. Ndf3 f6 10. Nxd7 Bxd7 11. Bd3 O-O-O 12. dxc5 Bxc5 13. b4 Bd6 14. b5 Ne5 15. Nxe5 Bxe5 16. Bxe5 fxe5 17. Qa4 Qc5 18. O-O e4 19. Be2 e5 20. Rfd1 Kb8 21. Qb3 Be6 22. a4 h5 23. Rab1 g5 24. Qb4 Rc8 25. b6 a6 26. a5 h4 27. h3 Rhd8 28. Bh5 Qxc3 29. Qe7 Qc6 30. Rbc1 Qd6 31. Rxc8+ Bxc8 32. Qxg5 d4 33. Qxh4 Bf5 34. Qg5 Rf8 35. Qg7 d3 36. Bg4 Bxg4 37. Qxg4 Qd5 38. Qg7 Rc8 39. Rd2 Qxa5 40. Rd1 Qd5 41. h4 Qd6 42. h5 Rf8 43. h6 Qf6 44. Qc7+ Ka8 45. Rd2 Qxh6 46. Qxe5 Qc6 47. Rd1 Qc2 48. Rf1 d2 49. Qd6 Rc8 50. g4 Qc1 51. g5 Qxf1+ 52. Kxf1 Rc1+ 53. Kg2 d1=Q 54. Qf8+ 1-0


[Site "https://www.chess.com"]

[Event "Titled Tuesday Blitz November 14 Late 2023"]
[White "Weimarraner"]
[Black "Bjelobrk, Igor"]
[BlackFideId "4300726"]
[WhiteElo "2558"]
[BlackElo "2681"]
[Result "0-1"]
[Round "9"]
[TimeControl "180+1"]
[Date "2023.11.14"]
[WhiteClock "0:00:09"]
[BlackClock "0:00:49"]
[Board "23"]

1. d4 e6 2. e4 d5 3. Nc3 Bb4 4. Ne2 dxe4 5. a3 Bxc3+ 6. Nxc3 Nc6 7. Bb5 Ne7 8. Nxe4 O-O 9. c3 e5 10. dxe5 Qxd1+ 11. Kxd1 Nxe5 12. f3 Bf5 13. Bf4 N7g6 14. Bg3 Bxe4 15. fxe4 Rad8+ 16. Kc2 f6 17. Rad1 Kf7 18. b4 Ke6 19. Ba4 h5 20. Bb3+ Ke7 21. h3 h4 22. Bh2 Rxd1 23. Rxd1 Rd8 24. Rxd8 Kxd8 25. Kd2 Ke7 26. Ke3 b5 27. a4 a6 28. a5 Kd6 29. Bf7 Ne7 30. Be8 c5 31. g3 hxg3 32. Bxg3 g5 33. h4 gxh4 34. Bxh4 cxb4 35. cxb4 Ke6 36. Kd4 Nf3+ 37. Kc5 Nxh4 38. Kb6 Nc8+ 39. Kxa6 Nd6 40. Bxb5 Nxe4 41. Bc6 Nc3 42. b5 Kd6 43. Bh1 Nf5 44. b6 Ne7 45. Ka7 Nc6+ 46. Ka8 Nxa5 47. b7 Nxb7 48. Kxb7 Ke5 49. Kc6 Ne4 50. Kb5 Kd4 51. Kc6 f5 52. Kd7 Ke3 53. Ke6 f4 54. Kf5 Ng3+ 0-1


[Site "https://www.chess.com"]

[Event "Titled Tuesday Blitz November 14 Late 2023"]
[White "Jovic, Stanoje"]
[Black "Sivakumar, Shaaketh"]
[WhiteFideId "905020"]
[BlackFideId "30940176"]
[WhiteElo "2554"]
[BlackElo "2653"]
[Result "1-0"]
[Round "9"]
[TimeControl "180+1"]
[Date "2023.11.14"]
[WhiteClock "0:00:08"]
[BlackClock "0:00:05"]
[Board "24"]

1. c4 e6 2. g3 Nf6 3. Bg2 c5 4. Nf3 Nc6 5. O-O b6 6. Re1 Bb7 7. e4 d6 8. Nc3 e5 9. d3 g6 10. Bg5 h6 11. Bxf6 Qxf6 12. Nd5 Qd8 13. a3 Bg7 14. b4 O-O 15. b5 Ne7 16. a4 Nxd5 17. cxd5 a6 18. Nd2 f5 19. Nc4 f4 20. Bh3 Rb8 21. Be6+ Kh7 22. f3 Qg5 23. Kg2 fxg3 24. hxg3 Rf6 25. Qe2 Rbf8 26. Rf1 h5 27. Nxb6 h4 28. g4 Qf4 29. Qf2 g5 30. Rh1 Qxf3+ 31. Qxf3 Rxf3 32. Bf5+ R8xf5 33. gxf5 Rxd3 34. Nd7 Bc8 35. Nb6 Bb7 36. Rh3 Rd2+ 37. Kg1 Re2 38. Nc4 Bf8 39. Re3 Rc2 40. Na5 Bc8 41. Nc6 g4 42. Rb1 Bh6 43. Ra3 g3 44. b6 c4 45. b7 c3 46. Rxc3 Rxc3 47. bxc8=Q h3 48. Qd7+ Bg7 49. f6 Kh6 50. Qxg7+ Kh5 51. f7 Rc2 52. f8=Q Rg2+ 53. Kf1 Rf2+ 54. Qxf2 gxf2 55. Kxf2 a5 56. Rh1 Kh4 57. Qg3+ 1-0


[Site "https://www.chess.com"]

[Event "Titled Tuesday Blitz November 14 Late 2023"]
[White "Ibarra Jerez, Jose Carlos"]
[Black "Ambartsumova, Karina"]
[WhiteFideId "2226332"]
[BlackFideId "4166299"]
[WhiteElo "2939"]
[BlackElo "2649"]
[Result "1-0"]
[Round "9"]
[TimeControl "180+1"]
[Date "2023.11.14"]
[WhiteClock "0:00:57"]
[BlackClock "0:00:17"]
[Board "25"]

1. e4 e5 2. Nf3 Nc6 3. Bb5 Nf6 4. O-O Nxe4 5. d4 Nd6 6. dxe5 Nxb5 7. a4 Nbd4 8. Nxd4 Nxd4 9. Qxd4 d6 10. Re1 dxe5 11. Qxe5+ Be6 12. Qb5+ c6 13. Qxb7 Rc8 14. Qxa7 Bd6 15. Nc3 O-O 16. Ne4 Bb8 17. Qc5 Bd5 18. Bg5 Qc7 19. g3 Rfe8 20. Nc3 Bf3 21. Qf5 Bd5 22. Nxd5 cxd5 23. Qxd5 Qxc2 24. Qd7 Rxe1+ 25. Rxe1 Rf8 26. Be7 Qc8 27. Rd1 Qxd7 28. Rxd7 Re8 29. Rd8 Rxd8 30. Bxd8 Kf8 31. Bb6 Ke8 32. a5 Ba7 33. Bxa7 1-0


[Site "https://www.chess.com"]

[Event "Titled Tuesday Blitz November 14 Late 2023"]
[White "Esquivel Golcher, Luis Enrique"]
[Black "Yeletsky, Ivan"]
[WhiteFideId "6600174"]
[BlackFideId "24180327"]
[WhiteElo "2432"]
[BlackElo "2886"]
[Result "0-1"]
[Round "9"]
[TimeControl "180+1"]
[Date "2023.11.14"]
[WhiteClock "0:00:00"]
[BlackClock "0:00:05"]
[Board "26"]

1. e4 Nc6 2. b3 e5 3. Bb2 Bc5 4. Nf3 d6 5. h3 Nf6 6. Nc3 O-O 7. Bc4 Be6 8. Qe2 Nd4 9. Nxd4 exd4 10. Na4 Bxc4 11. Qxc4 Nxe4 12. Nxc5 dxc5 13. d3 b5 14. Qxb5 Rb8 15. Qa4 Rb4 16. Qxa7 Nd6 17. O-O Rb6 18. Qa5 Qg5 19. Bc1 Qd5 20. Re1 Nf5 21. Bf4 Nh4 22. f3 Rg6 23. Re2 Qxf3 24. Qd2 Qxh3 25. Bg5 Qg3 26. Bxh4 Qxh4 27. Rf1 Qg3 28. Qf4 h5 29. Qxg3 Rxg3 30. Rf3 Rxf3 31. gxf3 f6 32. Kf2 Kf7 33. f4 Ra8 34. a4 Ra6 35. Kf3 Kg6 36. Rg2+ Kf7 37. f5 Ra8 38. Kf4 Re8 39. Rh2 Rh8 40. Re2 g5+ 41. fxg6+ Kxg6 42. Re6 Kf7 43. Rc6 h4 44. Rxc7+ Kg6 45. Kg4 h3 0-1


[Site "https://www.chess.com"]

[Event "Titled Tuesday Blitz November 14 Late 2023"]
[White "Prithu Gupta"]
[Black "Pakleza, Zbigniew"]
[WhiteFideId "46618546"]
[BlackFideId "1119290"]
[WhiteElo "2576"]
[BlackElo "2802"]
[Result "1/2-1/2"]
[Round "9"]
[TimeControl "180+1"]
[Date "2023.11.14"]
[WhiteClock "0:00:13"]
[BlackClock "0:00:10"]
[Board "27"]

1. d4 d6 2. c4 e5 3. dxe5 dxe5 4. Qxd8+ Kxd8 5. Nf3 f6 6. Nc3 Be6 7. e3 c6 8. Rg1 Nh6 9. h3 Nf7 10. g4 h6 11. b3 Kc7 12. Bb2 Nd7 13. O-O-O a5 14. h4 g5 15. hxg5 hxg5 16. Ne4 Be7 17. a4 Nd6 18. Nxd6 Bxd6 19. Kc2 Nc5 20. Ba3 Rad8 21. Bxc5 Bxc5 22. Bd3 Bb4 23. Be4 Rxd1 24. Kxd1 b5 25. cxb5 cxb5 26. Ke2 Bxb3 27. Rc1+ Kb8 28. axb5 Rc8 29. Bc6 a4 30. Nd2 Be6 31. f3 Ka7 32. Nc4 Rh8 33. Kd3 a3 34. Nxa3 f5 35. gxf5 Bxf5+ 36. Be4 Rd8+ 37. Kc4 Bxe4 38. Kxb4 Bxf3 39. Rc7+ Kb8 40. Rg7 g4 41. Nc4 Rc8 42. Nxe5 Rc7 43. Rg8+ Rc8 44. Rg5 Be2 45. Nxg4 Rc4+ 46. Kb3 Rxg4 47. Rxg4 Bxg4 48. b6 Kb7 49. e4 Kxb6 50. e5 Kc5 51. e6 Bxe6+ 1/2-1/2


[Site "https://www.chess.com"]

[Event "Titled Tuesday Blitz November 14 Late 2023"]
[White "angelgab3"]
[Black "Djordjevic, Vuk"]
[BlackFideId "902098"]
[WhiteElo "2576"]
[BlackElo "2766"]
[Result "0-1"]
[Round "9"]
[TimeControl "180+1"]
[Date "2023.11.14"]
[WhiteClock "0:01:02"]
[BlackClock "0:01:22"]
[Board "28"]

1. e4 d5 2. exd5 Qxd5 3. Nc3 Qd6 4. d4 Nf6 5. Nf3 c6 6. Ne5 Nbd7 7. Nc4 Qc7 8. Qf3 Nb6 9. Bf4 Qd8 10. Nxb6 Qxb6 11. O-O-O Bg4 12. Qd3 Bxd1 13. Qxd1 Rd8 14. Be3 e6 15. g4 Bb4 16. g5 Bxc3 17. bxc3 Nd5 18. Bd2 c5 19. Qg4 Qa5 20. Bc4 Qa3+ 21. Kb1 Nxc3+ 22. Bxc3 Qxc3 23. Bxe6 O-O 0-1


[Site "https://www.chess.com"]

[Event "Titled Tuesday Blitz November 14 Late 2023"]
[White "Ozates, Tuna"]
[Black "Rorrer, Grayson"]
[WhiteFideId "6354521"]
[BlackFideId "30944996"]
[WhiteElo "2564"]
[BlackElo "2729"]
[Result "1-0"]
[Round "9"]
[TimeControl "180+1"]
[Date "2023.11.14"]
[WhiteClock "0:00:02"]
[BlackClock "0:00:00"]
[Board "29"]

1. e4 c5 2. Nf3 d6 3. Bb5+ Nd7 4. O-O a6 5. Bd3 Ngf6 6. Re1 e6 7. c3 Be7 8. Bc2 b5 9. d4 Bb7 10. Nbd2 O-O 11. h3 Qc7 12. Nf1 Rfc8 13. Bd3 c4 14. Bc2 a5 15. Ng3 b4 16. Nh2 Bc6 17. Ng4 Qb7 18. d5 exd5 19. exd5 Nxd5 20. Nf5 Bf8 21. Ngh6+ gxh6 22. Qg4+ Kh8 23. Bxh6 Bxh6 24. Nxd6 N7f6 25. Qh4 Qc7 26. Nxc8 Bg7 27. g4 Rxc8 28. g5 Rg8 29. Rad1 h6 30. Kf1 Nh7 31. gxh6 Bf6 32. Qe4 Ng5 33. Qf5 Qh2 34. Rxd5 1-0


[Site "https://www.chess.com"]

[Event "Titled Tuesday Blitz November 14 Late 2023"]
[White "Shapiro, Viktor"]
[Black "Schnaider, Ilan"]
[WhiteFideId "4175700"]
[BlackFideId "169013"]
[WhiteElo "2563"]
[BlackElo "2719"]
[Result "0-1"]
[Round "9"]
[TimeControl "180+1"]
[Date "2023.11.14"]
[WhiteClock "0:00:52"]
[BlackClock "0:01:36"]
[Board "30"]

1. c4 Nf6 2. Nc3 g6 3. g3 Bg7 4. Bg2 O-O 5. Nf3 Nc6 6. O-O d5 7. cxd5 Nxd5 8. d3 Bg4 9. Bd2 e5 10. h3 Bxf3 11. Bxf3 Nb6 12. Rc1 Qd7 13. Bg2 f5 14. a3 Rad8 15. b4 e4 16. dxe4 Qxd2 17. Qb3+ Kh8 18. Rfd1 Qg5 19. exf5 Qxf5 20. Ne4 Nd4 21. Qe3 Nd5 22. Qd3 Nf6 23. g4 Qe5 24. Ng3 Nd5 25. Rc5 Nf4 26. Rxe5 Nxd3 27. Re7 Nxf2 28. Rf1 Nc6 29. Rxg7 Nxh3+ 30. Bxh3 Rxf1+ 31. Bxf1 Kxg7 32. e3 Ne5 33. Be2 Rd2 34. Kf1 Ra2 35. Ne4 Rxa3 36. Kf2 Ra2 37. Ke1 b6 38. Nc3 Ra1+ 39. Kd2 a5 40. bxa5 bxa5 41. Nd5 c6 42. Ne7 a4 0-1


[Site "https://www.chess.com"]

[Event "Titled Tuesday Blitz November 14 Late 2023"]
[White "Hambleton, Aman"]
[Black "JackRodgers"]
[WhiteFideId "2606577"]
[WhiteElo "2714"]
[BlackElo "2542"]
[Result "1-0"]
[Round "9"]
[TimeControl "180+1"]
[Date "2023.11.14"]
[WhiteClock "0:02:22"]
[BlackClock "0:01:26"]
[Board "31"]

1. d4 Nf6 2. Bf4 d6 3. e3 g6 4. h3 Bg7 5. Nf3 b6 6. Be2 Bb7 7. Bh2 c5 8. c3 O-O 9. O-O Re8 10. a4 a6 11. Re1 Nbd7 12. Nbd2 e5 13. dxe5 dxe5 14. Nc4 e4 15. Nfd2 Re6 16. Nd6 Bc6 17. Bc4 Bd5 18. Bxd5 Nxd5 19. N2xe4 N7f6 20. Nxf7 Kxf7 21. Ng5+ Ke7 22. Nxe6 Kxe6 23. e4 Nc7 24. Qb3+ Ke7 25. Rad1 Qb8 26. Bd6+ Ke8 27. e5 Nd7 28. Qg8+ Bf8 29. e6 1-0


[Site "https://www.chess.com"]

[Event "Titled Tuesday Blitz November 14 Late 2023"]
[White "elmusmolamas"]
[Black "Adla, Diego"]
[BlackFideId "100072"]
[WhiteElo "2527"]
[BlackElo "2659"]
[Result "1-0"]
[Round "9"]
[TimeControl "180+1"]
[Date "2023.11.14"]
[WhiteClock "0:00:09"]
[BlackClock "0:00:06"]
[Board "32"]

1. e4 e5 2. Nf3 Nc6 3. Bc4 Nf6 4. d3 Bc5 5. c3 O-O 6. O-O d6 7. Bb3 a5 8. Nbd2 Be6 9. Nc4 h6 10. Ne3 Bxb3 11. Qxb3 Qd7 12. a4 Ne7 13. d4 Ba7 14. dxe5 Nxe4 15. exd6 Nxd6 16. Rd1 Rfd8 17. Nc4 Qe6 18. Nxa5 Qxb3 19. Nxb3 Nc4 20. Re1 Nd5 21. Kf1 Re8 22. Rxe8+ Rxe8 23. a5 Re6 24. Nbd4 Rf6 25. b3 Nd6 26. c4 Nf4 27. a6 bxa6 28. Rxa6 Bxd4 29. Nxd4 Nd3 30. Be3 Kh8 31. f3 Kh7 32. Ke2 Nf4+ 33. Bxf4 Rxf4 34. Ke3 Rf6 35. Kd3 Kg6 36. c5 Ne8 37. Rxf6+ Kxf6 38. f4 Ke7 39. Kc4 Kd7 40. Nf3 f6 41. b4 c6 42. Nh4 h5 43. f5 Nc7 44. Ng6 Nd5 45. g3 Ne3+ 46. Kd3 Nxf5 47. Nf4 h4 48. g4 Nh6 49. h3 g5 50. Nh5 Nxg4 51. hxg4 f5 52. gxf5 g4 53. Ke3 Ke7 54. Kf4 g3 55. Nxg3 h3 56. Nh1 h2 57. Ke5 Kf7 58. Kd6 Kf6 59. Kxc6 Kxf5 60. b5 1-0


[Site "https://www.chess.com"]

[Event "Titled Tuesday Blitz November 14 Late 2023"]
[White "Sztokbant, Bernardo Vainzoff"]
[Black "reevecanada"]
[WhiteFideId "2115956"]
[WhiteElo "2524"]
[BlackElo "2653"]
[Result "0-1"]
[Round "9"]
[TimeControl "180+1"]
[Date "2023.11.14"]
[WhiteClock "0:00:12"]
[BlackClock "0:01:04"]
[Board "33"]

1. b3 c5 2. Bb2 b6 3. Nf3 Bb7 4. g3 d5 5. Bg2 Nf6 6. O-O e6 7. d3 Nbd7 8. Nbd2 Be7 9. e4 O-O 10. Qe2 a6 11. Rad1 b5 12. Rfe1 d4 13. e5 Nd5 14. Ne4 b4 15. h4 a5 16. a4 N7b6 17. h5 Bc6 18. Bc1 Nxa4 19. bxa4 Bxa4 20. h6 g6 21. Bg5 Bc6 22. Bxe7 Qxe7 23. Nh2 a4 24. Ng4 a3 25. Nef6+ Kh8 26. Nxd5 exd5 27. Nf6 Qe6 28. Qf3 Rfd8 29. Kh2 Qf5 30. Qxf5 gxf5 31. Bh3 Ba4 32. Rd2 c4 33. dxc4 dxc4 34. Bxf5 a2 35. Ra1 c3 36. Rdd1 b3 37. cxb3 Bxb3 38. Bxh7 Bxd1 39. Rxd1 a1=Q 40. Rxa1 Rxa1 41. Bf5 d3 42. Ne4 d2 43. Nxc3 Rc1 0-1


[Site "https://www.chess.com"]

[Event "Titled Tuesday Blitz November 14 Late 2023"]
[White "Adewumi, Tanitoluwa"]
[Black "Willy, Stephen"]
[WhiteFideId "30966396"]
[BlackFideId "30981468"]
[WhiteElo "2630"]
[BlackElo "2485"]
[Result "0-1"]
[Round "9"]
[TimeControl "180+1"]
[Date "2023.11.14"]
[WhiteClock "0:00:32"]
[BlackClock "0:01:51"]
[Board "34"]

1. Nf3 c5 2. e4 a6 3. b3 Nc6 4. Bb2 Nf6 5. e5 Nd5 6. Nc3 e6 7. Ne4 f5 8. exf6 Nxf6 9. Nxf6+ gxf6 10. d4 cxd4 11. Nxd4 Qa5+ 12. c3 Ba3 13. Bxa3 Qxc3+ 14. Qd2 Qxa1+ 15. Bc1 Qxd4 16. Bd3 Qb4 0-1


[Site "https://www.chess.com"]

[Event "Titled Tuesday Blitz November 14 Late 2023"]
[White "Flameboard08"]
[Black "Jamal-Jamal-Jamal"]
[WhiteElo "2629"]
[BlackElo "2455"]
[Result "0-1"]
[Round "9"]
[TimeControl "180+1"]
[Date "2023.11.14"]
[WhiteClock "0:00:03"]
[BlackClock "0:00:04"]
[Board "35"]

1. f4 d5 2. Nf3 c5 3. d3 Nc6 4. g3 g6 5. Bg2 Bg7 6. O-O Nh6 7. Nbd2 O-O 8. e4 dxe4 9. dxe4 Nd4 10. c3 Nxf3+ 11. Nxf3 Qc7 12. h3 Rd8 13. Qe2 b6 14. Qf2 f6 15. g4 Nf7 16. Re1 Bb7 17. f5 g5 18. e5 Nxe5 19. Nxe5 fxe5 20. Bxg5 h6 21. Be3 Rd3 22. Bxb7 Qxb7 23. Qg2 Qxg2+ 24. Kxg2 Rad8 25. Kf3 Bf6 26. Ke4 Kg7 27. Rh1 Bh4 28. Bd4 Rd2 29. Bxe5+ Bf6 30. Bf4 Re2+ 31. Kf3 Rxb2 32. Rad1 Rxd1 33. Rxd1 Rxa2 34. Rd7 Ra3 35. Ke4 Rxc3 36. h4 Rc4+ 37. Kf3 Bxh4 38. Rxa7 Bf6 39. Rb7 Rb4 40. Rc7 c4 41. Bd6 Rb3+ 42. Ke4 Kf7 43. Bf4 Kg7 44. Bd6 Bg5 45. Be5+ Kf7 46. Rxc4 Re3+ 47. Kd5 Re2 48. Rc6 Rg2 49. Rc4 b5 50. Rb4 Bf6 51. Bc7 Rg1 52. Bb6 Rg2 53. Be3 Kg7 54. Bf4 Bc3 55. Rb3 Bf6 56. Rb4 Kh7 57. Rxb5 Rxg4 58. Be3 Rg3 59. Bc5 Rf3 60. Ke6 Rf4 61. Bxe7 Bxe7 62. Kxe7 Kg7 63. f6+ Kg6 64. f7 Rxf7+ 65. Ke6 Rf6+ 66. Ke5 Rf5+ 67. Ke4 Rxb5 68. Kf3 Rg5 0-1


[Site "https://www.chess.com"]

[Event "Titled Tuesday Blitz November 14 Late 2023"]
[White "Roberson, Peter T"]
[Black "Gurevich, Dmitry"]
[WhiteFideId "412384"]
[BlackFideId "2000407"]
[WhiteElo "2616"]
[BlackElo "2448"]
[Result "0-1"]
[Round "9"]
[TimeControl "180+1"]
[Date "2023.11.14"]
[WhiteClock "0:00:33"]
[BlackClock "0:00:33"]
[Board "37"]

1. Nf3 Nf6 2. e3 c5 3. d4 d5 4. Bd3 Nc6 5. O-O cxd4 6. exd4 Bg4 7. c3 e6 8. Bf4 Bd6 9. Bg3 Bxg3 10. hxg3 O-O 11. Nbd2 Rb8 12. Qc2 Bxf3 13. gxf3 h6 14. Kg2 b5 15. Rh1 b4 16. g4 bxc3 17. bxc3 Re8 18. Nb3 Qd6 19. g5 hxg5 20. Rh3 Kf8 21. Rah1 Ke7 22. Re1 Qf4 23. Nc5 Nd7 24. Qa4 Nxc5 25. Qxc6 Nxd3 26. Re3 g4 27. Rg3 Nxf2 28. Qc5+ Kf6 29. fxg4 Ne4 30. Rgf3 Rb2+ 31. Kg1 Nxc5 32. Rxf4+ Kg5 33. Rxf7 Ne4 34. Rxg7+ Kf4 35. Re1 Rh8 36. Rf1+ Kg3 0-1


[Site "https://www.chess.com"]

[Event "Titled Tuesday Blitz November 14 Late 2023"]
[White "OPQRC"]
[Black "Melikhov, Evgeny V."]
[BlackFideId "4122046"]
[WhiteElo "2602"]
[BlackElo "2421"]
[Result "0-1"]
[Round "9"]
[TimeControl "180+1"]
[Date "2023.11.14"]
[WhiteClock "0:00:26"]
[BlackClock "0:01:07"]
[Board "38"]

1. e4 e5 2. Nf3 Nc6 3. b3 d6 4. Bb5 Bd7 5. Bxc6 Bxc6 6. d3 Nf6 7. O-O Be7 8. c4 O-O 9. Nc3 Ne8 10. Nd2 f5 11. exf5 Rxf5 12. Nde4 Nf6 13. Ng3 Qd7 14. Qe2 Rf8 15. Nxf5 Qxf5 16. h3 Qg6 17. f4 Nh5 18. Nd5 Bxd5 19. cxd5 Ng3 20. Qf3 Nxf1 21. Kxf1 exf4 22. Bb2 Bf6 23. Bxf6 Qxf6 24. Rc1 Qb2 25. Rxc7 Qb1+ 26. Kf2 Re8 27. Qg4 Qe1+ 28. Kf3 Qe3# 0-1


[Site "https://www.chess.com"]

[Event "Titled Tuesday Blitz November 14 Late 2023"]
[White "Szente Varga, Fruzsina"]
[Black "Omelja, Artem"]
[WhiteFideId "712264"]
[BlackFideId "14119846"]
[WhiteElo "2373"]
[BlackElo "2600"]
[Result "0-1"]
[Round "9"]
[TimeControl "180+1"]
[Date "2023.11.14"]
[WhiteClock "0:00:09"]
[BlackClock "0:00:09"]
[Board "39"]

1. e4 c5 2. Nf3 Nc6 3. Bb5 g6 4. O-O Bg7 5. Nc3 e5 6. d3 Nge7 7. Bg5 O-O 8. Qd2 Nd4 9. Nxd4 cxd4 10. Nd5 f6 11. Bc4 Kh8 12. Bh6 d6 13. Bxg7+ Kxg7 14. f4 Be6 15. Nxe7 Qxe7 16. Bxe6 Qxe6 17. f5 Qd7 18. Rf3 Rac8 19. Rh3 g5 20. Rg3 h5 21. Rc1 d5 22. Re1 dxe4 23. dxe4 Rc6 24. c3 Rd8 25. Rd3 Rd6 26. c4 b5 27. c5 Ra6 28. b4 Qf7 29. a3 Ra4 30. h4 g4 31. Kh2 Rc8 32. Qc2 Rc6 33. Rc1 a5 34. Qb3 axb4 35. axb4 Qxb3 36. Rxb3 Kf7 37. Kg3 Ke7 38. Kf2 Kd7 39. Ke2 Rca6 40. Kd3 Kc6 41. Rcb1 Ra2 42. R1b2 R6a3 43. g3 Ra1 44. Ke2 Ra4 45. Kf2 Rc1 46. Ke2 Rc4 47. Kd3 Rc1 48. Ke2 Rg1 49. Kf2 Rc1 50. Rb1 Rc3 51. R1b2 Ra3 52. Rxa3 Rxa3 53. Kg2 Ra4 54. Kf2 Ra3 55. Kg2 d3 56. Kf2 Rc3 57. Ke3 d2+ 58. Kxd2 Rxg3 59. Rb1 Rg2+ 60. Ke3 Rg3+ 61. Ke2 Rg2+ 62. Ke3 Rc2 63. Ra1 Rc3+ 64. Kd2 Rc4 65. Ra6+ Kc7 66. Rxf6 Rxe4 67. Rh6 Rxb4 68. Rxh5 Rf4 69. Rh7+ Kc6 70. Rf7 Kxc5 71. h5 g3 72. h6 g2 73. Rg7 Rxf5 74. Rxg2 Rh5 75. Rg6 Kd4 76. Rd6+ Ke4 77. Rb6 Rh2+ 78. Kc3 Kf4 79. Kd3 e4+ 80. Kd4 Rd2+ 81. Kc3 e3 82. h7 Rh2 83. Rb7 Kf3 84. Kd3 Rd2+ 85. Kc3 Rd8 86. Re7 e2 87. Kb4 Rh8 88. Kc3 Rxh7 89. Rxh7 e1=Q+ 90. Kb3 Qe3+ 91. Kb2 Qd2+ 92. Kb3 Qd3+ 93. Kb4 Qxh7 94. Kxb5 Qe4 0-1


[Site "https://www.chess.com"]

[Event "Titled Tuesday Blitz November 14 Late 2023"]
[White "Djordjevic, Dejan N"]
[Black "Lymar, Vladislav"]
[WhiteFideId "913316"]
[BlackFideId "14162180"]
[WhiteElo "2095"]
[BlackElo "2592"]
[Result "1-0"]
[Round "9"]
[TimeControl "180+1"]
[Date "2023.11.14"]
[WhiteClock "0:00:10"]
[BlackClock "0:00:00"]
[Board "40"]

1. e4 c5 2. Nc3 a6 3. g3 Nc6 4. Bg2 e6 5. Nge2 Nf6 6. O-O d5 7. exd5 exd5 8. d4 Be7 9. dxc5 d4 10. Na4 O-O 11. b3 Bg4 12. h3 Bh5 13. Bb2 Nd5 14. g4 Bg6 15. Nxd4 Bf6 16. Nxc6 bxc6 17. Bxf6 Qxf6 18. Nb6 Nc3 19. Qd6 Qxd6 20. cxd6 Rad8 21. d7 Rb8 22. Nc4 c5 23. Rfe1 Rfd8 24. Bc6 f6 25. Re3 Nb5 26. c3 Nc7 27. Rae1 Bf7 28. Na5 Rb6 29. Ba4 h6 30. Re7 Re6 31. R1xe6 Bxe6 32. Nb7 Kf8 33. Re8+ Rxe8 34. dxe8=Q+ Nxe8 35. Bxe8 Kxe8 36. Nxc5 Bc8 37. f4 Ke7 38. c4 Kd6 39. Nd3 Bb7 40. Kf2 Be4 41. Ke3 Bg2 42. h4 Bh3 43. g5 Bf5 44. Kd4 Bg6 45. b4 Kc6 46. a4 Bf5 47. a5 Bg6 48. Nc5 fxg5 49. fxg5 Bf7 50. Nxa6 hxg5 51. hxg5 Kd6 52. b5 Be6 53. Nc5 Bc8 54. a6 Kc7 55. Na4 Kb8 56. c5 Bd7 57. c6 Bg4 58. Kc5 Bf3 59. b6 g6 60. Nc3 Ka8 61. Nb5 1-0


[Site "https://www.chess.com"]

[Event "Titled Tuesday Blitz November 14 Late 2023"]
[White "Kanyamarala, Trisha"]
[Black "Maksimovic, Bojan"]
[WhiteFideId "45004722"]
[BlackFideId "14408120"]
[WhiteElo "2508"]
[BlackElo "2773"]
[Result "0-1"]
[Round "9"]
[TimeControl "180+1"]
[Date "2023.11.14"]
[WhiteClock "0:00:00"]
[BlackClock "0:00:03"]
[Board "41"]

1. c4 a6 2. d4 b5 3. c5 Bb7 4. Nf3 Nf6 5. g3 d6 6. cxd6 cxd6 7. Bg2 e6 8. O-O Be7 9. Nc3 O-O 10. a3 Nbd7 11. Re1 Ne4 12. Bf4 Nxc3 13. bxc3 Nb6 14. Rb1 Rc8 15. Qd3 Na4 16. Rec1 Qa5 17. Bd2 Rc4 18. Be1 Rfc8 19. Nd2 Bxg2 20. Kxg2 Rxc3 21. Nb3 Qc7 22. Bxc3 Nxc3 23. Rxc3 Qxc3 24. Rc1 Qxc1 25. Nxc1 Rxc1 26. Qf3 d5 27. e4 dxe4 28. Qxe4 g6 29. Qa8+ Kg7 30. Qxa6 Bf6 31. Qxb5 Bxd4 32. Qd3 e5 33. a4 Ra1 34. Qc4 Rb1 35. f4 Rb2+ 36. Kf3 f5 37. Qc7+ Kh6 38. g4 Rf2+ 39. Kg3 exf4+ 40. Kh3 Rf3+ 41. Kg2 Rf2+ 42. Kh3 Rf3+ 43. Kg2 fxg4 44. Qc4 Rf2+ 45. Kg1 Be3 46. Qe6 Ra2+ 47. Kf1 Rxa4 48. Qxg4 Ra1+ 49. Ke2 Ra2+ 50. Kd3 Rxh2 51. Ke4 Rh5 52. Kf3 Rh2 53. Qc8 g5 54. Kg4 Rg2+ 55. Kf3 Rg3+ 56. Ke2 Kh5 57. Qe8+ Kh4 58. Qg8 h5 59. Qf7 g4 0-1


[Site "https://www.chess.com"]

[Event "Titled Tuesday Blitz November 14 Late 2023"]
[White "WindWhistler11"]
[Black "MKlose11"]
[WhiteElo "2502"]
[BlackElo "2675"]
[Result "0-1"]
[Round "9"]
[TimeControl "180+1"]
[Date "2023.11.14"]
[WhiteClock "0:00:04"]
[BlackClock "0:01:01"]
[Board "42"]

1. Nf3 Nf6 2. g3 g6 3. Bg2 Bg7 4. b3 c5 5. Bb2 Nc6 6. d4 cxd4 7. Nxd4 O-O 8. Nxc6 bxc6 9. c4 Rb8 10. O-O Qc7 11. Nd2 d6 12. Qc2 c5 13. h3 a5 14. e4 a4 15. Kh2 axb3 16. axb3 Be6 17. Ra3 Nd7 18. Bxg7 Kxg7 19. f4 f6 20. Rfa1 Rb7 21. Nb1 Rfb8 22. Nc3 Rb4 23. Nb5 R4xb5 24. cxb5 Rxb5 25. Bf1 Rb4 26. Bc4 Bxc4 27. bxc4 Qb6 28. R1a2 Nb8 29. Ra7 Nc6 30. R7a6 Qb7 31. e5 Nd4 32. exf6+ exf6 33. Qf2 Kh6 34. g4 Nf3+ 35. Kg2 Rb3 36. Ra7 Qc6 37. R7a6 Qe4 38. Ra7 Ng5+ 39. Kh2 Rxh3+ 40. Kg1 Rh1# 0-1


[Site "https://www.chess.com"]

[Event "Titled Tuesday Blitz November 14 Late 2023"]
[White "Maltsevskaya, Aleksandra"]
[Black "Kubicka, Anna"]
[WhiteFideId "24174041"]
[BlackFideId "1152254"]
[WhiteElo "2641"]
[BlackElo "2479"]
[Result "1/2-1/2"]
[Round "9"]
[TimeControl "180+1"]
[Date "2023.11.14"]
[WhiteClock "0:00:06"]
[BlackClock "0:00:10"]
[Board "43"]

1. e4 c5 2. Nf3 d6 3. d4 cxd4 4. Nxd4 Nf6 5. Nc3 a6 6. g3 e5 7. Nb3 Be7 8. Bg2 O-O 9. O-O b5 10. a4 b4 11. Nd5 Nxd5 12. exd5 a5 13. Bd2 Na6 14. c3 Bd7 15. Re1 Qc7 16. cxb4 Nxb4 17. Bxb4 axb4 18. a5 Bb5 19. Re4 Rfb8 20. Rxb4 Bc4 21. Rb6 Rxb6 22. axb6 Rxa1 23. Qxa1 Qxb6 24. Na5 Bd3 25. Nc6 Bf8 26. b4 g6 27. Bf1 Qb5 28. Bxd3 Qxd3 29. Qa2 e4 30. Na5 Qd1+ 31. Kg2 Qf3+ 32. Kg1 Qd1+ 33. Kg2 Qf3+ 34. Kg1 Qd1+ 1/2-1/2


[Site "https://www.chess.com"]

[Event "Titled Tuesday Blitz November 14 Late 2023"]
[White "GatoRojo150"]
[Black "Grossboss19"]
[WhiteElo "2629"]
[BlackElo "2470"]
[Result "0-1"]
[Round "9"]
[TimeControl "180+1"]
[Date "2023.11.14"]
[WhiteClock "0:00:00"]
[BlackClock "0:00:20"]
[Board "44"]

1. e4 c5 2. Nf3 e6 3. Nc3 Nf6 4. d4 cxd4 5. Nxd4 d5 6. Bb5+ Bd7 7. exd5 exd5 8. O-O Be7 9. Re1 O-O 10. Bxd7 Qxd7 11. Qf3 Nc6 12. Nf5 Bb4 13. Bg5 Bxc3 14. bxc3 Ne4 15. Qg4 Ne5 16. Qf4 Ng6 17. Qg4 Ne5 18. Qf4 Ng6 19. Qg4 Kh8 20. Rad1 Nxg5 21. Qxg5 Rfe8 22. h4 h6 23. Qh5 Rxe1+ 24. Rxe1 Re8 25. Rxe8+ Qxe8 26. Qf3 Qe1+ 27. Kh2 Qe5+ 28. g3 Nf8 29. Nd4 Kg8 30. Qg4 Ne6 31. Nf5 Kf8 32. Nd4 Qe1 33. Qf3 Nxd4 34. cxd4 Qd2 35. c3 g6 36. a4 Qa2 37. Kg2 Qxa4 38. Qf6 Kg8 39. Qd8+ Kg7 40. h5 Qc6 41. hxg6 Qxg6 42. Qxd5 Qc6 43. Qxc6 bxc6 44. Kf3 Kf6 45. Ke4 Ke6 46. Kd3 Kf5 47. c4 h5 48. Kc3 Ke4 49. f3+ Kf5 50. Kb4 Ke6 51. Kc5 Kd7 52. f4 f5 53. Kb4 Kc7 54. Ka5 Kb7 55. c5 Ka8 56. Ka6 Kb8 57. Ka5 Kc7 58. Ka6 Kb8 59. Ka5 Kb7 60. Kb4 Kc7 61. Ka5 Kd7 62. Ka6 Ke6 63. Kb7 Kd5 64. Kxa7 Kxd4 65. Kb6 Kd5 66. Ka5 Kxc5 67. g4 hxg4 0-1


[Site "https://www.chess.com"]